 Dungeon Crawl Stone Soup version 0.27.1-34-g3ba077fa99 (webtiles) character file.

Game seed: 560589537924270240

67 pkoi the Ruffian (level 4, -1/38 HPs)
             Began as a Draconian Monk on Jan 7, 2022.
             Slain by Terence (8 damage)
             ... on level 2 of the Dungeon.
             The game lasted 00:01:15 (1671 turns).

pkoi the Ruffian (Draconian Monk)                   Turns: 1671, Time: 00:01:15

Health: -1/38      AC:  5    Str: 14    XL:     4   Next: 0%
Magic:  4/4        EV: 12    Int: 11    God:
Gold:   78         SH:  0    Dex: 13    Spells: 3/3 levels left

rFire    . . .     SeeInvis .     - Unarmed
rCold    . . .     Faith    .   (no shield)
rNeg     . . .     Spirit   .   (armour unavailable)
rPois    .         Reflect  .   (helmet restricted)
rElec    .         Harm     .   (no cloak)
rCorr    .         Rampage  .   (no gloves)
Will     .....                  (no boots)
Stlth    ++........             d - amulet of the acrobat
HPRegen  0.12/turn              (no ring)
MPRegen  0.09/turn              (no ring)

@: no status effects
A: AC +5, unfitting armour, cold-blooded
a: no special abilities


You were on level 2 of the Dungeon.
You visited 1 branch of the dungeon, and saw 2 of its levels.

You collected 78 gold pieces.

Inventory:

Missiles
 e - 11 poisoned darts (quivered)
Jewellery
 d - an amulet of the acrobat (around neck)
 f - a ring of positive energy
Wands
 c - a wand of flame (20)
Scrolls
 b - a scroll of identify
Potions
 a - 2 potions of heal wounds


   Skills:
 - Level 3.2 Fighting
 - Level 2.6 Dodging
 - Level 1.7 Stealth
 + Level 4.9 Unarmed Combat


You had 3 spell levels left.
You didn't know any spells.
Your spell library contained the following spells:

 Spells                   Type           Power      Damage    Failure   Level
 Pain                     Necr           0%         1d4       34%         1
 Agony                    Necr           0%         N/A       100%        5
 Excruciating Wounds      Necr           0%         N/A       100%        5


Dungeon Overview and Level Annotations

Branches:
Dungeon (2/15)

Altars:

Annotations:
D:2 Terence


Innate Abilities, Weirdness & Mutations

Your plain brown scales are hard. (AC +5)
You cannot fit into any form of body armour.
You are cold-blooded and may be slowed by cold attacks.


Message History

You hit Terence but do no damage.
Terence is almost dead.
You hit Terence but do no damage.
Terence is almost dead.
Terence hits you with a +0 falchion.
* * * LOW HITPOINT WARNING * * *
Unknown command.
You closely miss Terence.
Terence is almost dead.
Terence barely misses you.
You completely miss Terence.
Terence is almost dead.
Terence barely misses you.
Unknown command.
Unknown command.
You barely miss Terence. You tail-slap Terence.
Terence is almost dead.
Terence misses you.
Unknown command.
You hit Terence but do no damage.
Terence is almost dead.
Terence completely misses you.
Unknown command.
You hit Terence.
Terence is almost dead.
Terence hits you with a +0 falchion.
* * * LOW HITPOINT WARNING * * *
Unknown command.
You hit Terence but do no damage.
Terence is almost dead.
Terence closely misses you.
Unknown command.
You closely miss Terence.
Terence is almost dead.
Terence hits you with a +0 falchion.
* * * LOW HITPOINT WARNING * * *
You barely miss Terence.
Terence is almost dead.
Terence hits you with a +0 falchion!
You die...

##..##.###.......#.###..##.##.
#......##.# #.......# #.........
..# #..##.# #.......# #....#####
..# #..##.# ##.#.#.## #.#### #
..###..##.# #...#.# #.########
..##......# #.### . #........#
..##...#######(# #..##.....
..##...##......#########..##.##.#
......>.....##.@@................
.###....###.##.#########).##.#...
<.......# #.^..# #......#..
.###(...# #.##.# #......##.
.....#..... #.# ####.###.####
###........ ..# #....###.# #
.##..####.## ### #.##..##.####
.##..# ## #.....##.#(.. P# #####
########.....


You could see Terence.

Vanquished Creatures
  Natasha (D:2)
  An adder (D:2)
  2 dart slugs (D:1)
  4 endoplasms
  2 giant cockroaches (D:2)
  6 goblins
  3 hobgoblins
  A jackal (D:2)
  A kobold (D:1)
  2 ball pythons
  2 bats (D:2)
  4 rats
29 creatures vanquished.

Notes
Turn   | Place    | Note
-------+----------+-------------------------------------------
     0 | D:1      | pkoi the Draconian Monk began the quest for the Orb.
     0 | D:1      | Reached XP level 1. HP: 19/19 MP: 1/1
   140 | D:1      | Reached XP level 2. HP: 8/26 MP: 2/2
  1022 | D:2      | Reached skill level 4 in Unarmed Combat
  1054 | D:2      | Reached XP level 3. HP: 31/31 MP: 3/3
  1141 | D:2      | Found a faded altar of an unknown god.
  1294 | D:2      | Noticed Natasha
  1308 | D:2      | Killed Natasha
  1542 | D:2      | Reached XP level 4. HP: 38/38 MP: 4/4
  1640 | D:2      | Noticed Terence
  1671 | D:2      | Slain by Terence

Illustrated notes

Levels and vault maps discovered:
D:1:      nzn_arrival_depleted_hourglass, layout_basic, minivault_11,
          hangedman_decor_points
D:2:      layout_loops_ring, hellmonk_ecumenical_altar_crossroads,
          serial_aquarium, aquarium_bridge_long_separate
          [aquarium_subvault_bridge, aquarium_subvault_bridge,
          aquarium_subvault_bridge, aquarium_subvault_bridge,
          aquarium_subvault_bridge, aquarium_subvault_wall],
          aquarium_bridge_square [aquarium_subvault_bridge,
          aquarium_subvault_bridge, aquarium_subvault_bridge,
          aquarium_subvault_window], aquarium_window_2, aquarium_window_fake,
          aquarium_view_2e, aquarium_view_2f, aquarium_balcony_5b,
          minmay_heptomino_d4, uniq_terence, uniq_natasha

Skill      XL: |  1  2 |
---------------+-------+-----
Unarmed Combat | 4 |  4.9
Fighting       | |  3.2
Dodging        | |  2.6
Stealth        | |  1.7

Action                   |  1- 3 |  4- 6 || total
-------------------------+-------+-------++-------
Melee: Unarmed           |    87 |    27 ||   114
       Tailslap          |    11 |     3 ||    14
       Punch             |       |     1 ||     1
  Use: Scroll            |       |     1 ||     1
 Stab: Sleeping          |     2 |       ||     2
Armor: Skin              |    18 |       ||    18
Dodge: Dodged            |    48 |    15 ||    63
